 Dungeon Crawl Stone Soup version 0.22-a0-879-g615c57abe7 (webtiles) character file.

199909 Htamos the Blocker (level 18, -2/144 HPs)
             Began as a Gnoll Fighter on July 30, 2018.
             Was the Champion of Cheibriados.
             Slain by an ironheart preserver
             ... wielding a +0 great mace
              (18 damage)
             ... on level 3 of the Vaults.
             The game lasted 01:38:47 (37358 turns).

Htamos the Blocker (Gnoll Fighter)                 Turns: 37358, Time: 01:38:48

Health: -2/144     AC: 35    Str: 36    XL:     18   Next: 49%
Magic:  27/27      EV: 21    Int: 24    God:    Cheibriados [******]
Gold:   514        SH: 19    Dex: 35    Spells: 30/41 levels left

rFire    + . .     SeeInvis .   P - +6 trident (vamp)
rCold    . . .     Gourm    .   c - +2 shield
rNeg     . . .     Faith    +   e - +9 plate armour {rF+}
rPois    .         Spirit   .   j - +2 helmet
rElec    .         Reflect  .   L - scarf {repulsion}
rCorr    .         Harm     .   n - +0 pair of gloves
MR       ++...                  (no boots)
Stlth    ++........             l - amulet of faith
HPRegen  0.00/turn              a - +5 ring of protection
MPRegen  0.20/turn              B - ring of protection from magic

@: slowed, repel missiles, very slow
A: distributed training, fangs 1, [dopey 1], [low mp 2], [screaming 2],
[inhibited regeneration], [no potion heal 2], [subdued magic 1], strong nose
}: 1/15 runes: gossamer
a: Bend Time, Temporal Distortion, Slouch, Step From Time, Renounce Religion


You were on level 3 of the Vaults.
You worshipped Cheibriados.
Cheibriados was exalted by your worship.
You were very hungry.

You visited 4 branches of the dungeon, and saw 28 of its levels.
You visited the Abyss 1 time.
You visited 2 bazaars.
You also visited: Sewer.

You collected 2608 gold pieces.
You spent 2094 gold pieces at shops.

Inventory:

Hand Weapons
 P - a +6 vampiric trident (weapon)
 Y - the +8 halberd of Due Proportion {venom, *Rage Fragile +Inv rElec Stlth+}
   (You found it on level 10 of the Dungeon)

   It poisons the flesh of those it strikes.
   It insulates you from electricity.
   It lets you turn invisible.
   It may make you go berserk in combat.
   It will be destroyed if unequipped.
   It makes you more stealthy.
Missiles
 u - 3 throwing nets (quivered)
Armour
 c - a +2 shield (worn)
 e - a +9 plate armour of fire resistance (worn)
 j - a +2 helmet (worn)
 n - a +0 pair of gloves (worn)
 L - a scarf of repulsion (worn)
 S - the +2 scale mail of Leaves {rC+ SInv}
   (You found it on level 10 of the Dungeon)

   It protects you from cold.
   It lets you see invisible.
 W - the +0 pair of boots of Ojowi {+Inv rF- Dex+3}
   (You found it on level 15 of the Dungeon)

   It affects your dexterity (+3).
   It makes you vulnerable to fire.
   It lets you turn invisible.
Jewellery
 a - a +5 ring of protection (left hand)
 l - an amulet of faith (around neck)
 o - the ring of Xuppiud {rF+ rC+ MR+}
   (You bought it in a shop in a bazaar)

   [ring of protection from fire]

   It protects you from fire.
   It protects you from cold.
   It affects your resistance to hostile enchantments.
 s - a +3 ring of dexterity
 x - a +5 ring of protection
 y - an uncursed ring of see invisible
 B - a ring of protection from magic (right hand)
 C - a +5 ring of strength
 X - an uncursed ring of poison resistance
Wands
 t - a wand of acid (5)
 v - a wand of paralysis (15)
 A - a wand of enslavement (23)
 G - a wand of disintegration (14)
 M - a wand of scattershot (4)
 O - a wand of clouds (6)
 Q - a wand of digging (33)
 Z - a wand of flame (71)
Scrolls
 g - 2 scrolls of enchant weapon
 i - a scroll of blinking
 k - 7 scrolls of remove curse
 q - 3 scrolls of immolation
 r - 3 scrolls of magic mapping
 E - 6 scrolls of amnesia
 F - 12 scrolls of teleportation
 I - 3 scrolls of fear
 N - 2 scrolls of fog
 R - 3 scrolls of identify
Potions
 b - a potion of invisibility
 d - 5 potions of flight
 h - 2 potions of resistance
 w - 8 potions of agility
 z - 18 potions of curing
 D - 2 potions of mutation
 H - 2 potions of ambrosia
 J - 5 potions of might
 K - a potion of magic {unknown}
 T - 3 potions of cancellation
 U - 2 potions of lignification
Miscellaneous
 p - a lamp of fire
Comestibles
 f - 50 rations


   Skills:
 + Level 13.4 Fighting
 + Level 12.0 Short Blades
 + Level 12.7 Long Blades
 + Level 12.0 Axes
 + Level 12.0 Maces & Flails
 + Level 12.0 Polearms
 + Level 12.0 Staves
 + Level 12.0 Slings
 + Level 12.0 Bows
 + Level 12.0 Crossbows
 + Level 12.0 Throwing
 + Level 13.4 Armour
 + Level 12.0 Dodging
 + Level 12.0 Stealth
 + Level 13.4 Shields
 + Level 12.0 Unarmed Combat
 + Level 12.0 Spellcasting
 + Level 10.3 Conjurations
 + Level 10.3 Hexes
 + Level 10.3 Charms
 + Level 10.3 Summonings
 + Level 10.3 Necromancy
 + Level 10.3 Translocations
 + Level 10.3 Transmutations
 + Level 10.3 Fire Magic
 + Level 10.3 Ice Magic
 + Level 10.3 Air Magic
 + Level 10.3 Earth Magic
 + Level 10.3 Poison Magic
 + Level 13.0 Invocations
 + Level 12.0 Evocations


You had 30 spell levels left.
You knew the following spells:

 Your Spells              Type           Power        Failure   Level  Hunger
a - Magic Dart            Conj           ####         1%          1    None
b - Poisonous Vapours     Pois/Air       #####.       1%          2    None
c - Olgreb's Toxic Radia  Pois           #####...     2%          4    None
d - Iskenderun's Mystic   Conj           #####...     2%          4    None

Your spell library contained the following spells:

 Spells                   Type           Power        Failure   Level  Hunger
 Fireball                 Conj/Fire      #####.....   8%          5    ###....
 Apportation              Tloc           #####.       1%          1    None
 Bolt of Fire             Conj/Fire      #####.....   41%         6    #####..
 Confuse                  Hex            #####...     1%          3    None
 Throw Frost              Conj/Ice       #####.       1%          2    None
 Mephitic Cloud           Conj/Pois/Air  #####...     1%          3    None
 Ring of Flames           Chrm/Fire      #####.....   95%         7    ######.
 Venom Bolt               Conj/Pois      #####.....   8%          5    ###....
 Summon Small Mammal      Summ           ####         1%          1    None
 Animate Skeleton         Necr           N/A          1%          1    None
 Freeze                   Ice            ####         1%          1    None
 Summon Ice Beast         Ice/Summ       #####...     2%          4    None
 Ozocubu's Armour         Chrm/Ice       #####...     1%          3    None
 Sting                    Conj/Pois      ####         1%          1    None
 Spider Form              Tmut/Pois      #####.....   1%          3    None
 Blade Hands              Tmut           #####.....   8%          5    ###....
 Statue Form              Tmut/Erth      #####....    41%         6    #####..
 Ice Form                 Ice/Tmut       #####...     2%          4    None
 Dragon Form              Tmut           #####.....   95%         7    ######.
 Deflect Missiles         Chrm/Air       #####.....   41%         6    #####..
 Throw Icicle             Conj/Ice       #####...     2%          4    None
 Confusing Touch          Hex            #####.       1%          1    None
 Passwall                 Tmut/Erth      #####...     1%          2    None
 Ignite Poison            Fire/Tmut/Pois #####...     1%          3    None
 Sticks to Snakes         Tmut           #####...     1%          2    None
 Call Canine Familiar     Summ           #####...     1%          3    None
 Metabolic Englaciation   Hex/Ice        #####.....   8%          5    ###....
 Summon Butterflies       Summ           #####...     1%          1    None
 Silence                  Hex/Air        #####.....   8%          5    ###....
 Conjure Ball Lightning   Conj/Air       #####.....   41%         6    #####..
 Petrify                  Tmut/Erth      #####...     2%          4    None
 Tornado                  Air            #####.....   100%        9    #######
 Summon Hydra             Summ           #####.....   95%         7    ######.
 Beastly Appendage        Tmut           #####.       1%          1    None
 Fulminant Prism          Conj/Hex       #####.....   2%          4    None
 Dazzling Spray           Conj/Hex       #####.       1%          3    None
 Force Lance              Conj/Tloc      #####...     2%          4    None
 Searing Ray              Conj           #####.       1%          2    None
 Summon Lightning Spire   Summ/Air       #####...     2%          4    None
 Summon Mana Viper        Hex/Summ       #####...     8%          5    ###....
 Gell's Gravitas          Tloc           #####.....   1%          3    None
 Yara's Violent Unravell  Hex/Tmut       #####.....   8%          5    ###....
 Ignition                 Fire           #####.....   100%        8    #######


Dungeon Overview and Level Annotations

Branches:
Dungeon (15/15)            Temple (0/1) D:5            Lair (6/6) D:10
  Swamp (0/4) Lair:4       Spider (4/4) Lair:3        Slime (0/5) Lair:5
    Orc (0/2) D:12         Vaults (3/5) D:14         Depths (0/5) D:15
  Crypt: Vaults:2-3

Altars:
Cheibriados
Dithmenos
Elyvilon
Gozag
Nemelex Xobeh
Okawaru
Qazlal
Ru
Sif Muna
Trog
Vehumet
Wu Jian
Xom
Zin
The Shining One
Jiyva
Lugonu

Shops:
Vaults:2 =%

Annotations:
Lair:6 3 runed doors, Htamos's ghost, journeyman DEWz


Innate Abilities, Weirdness & Mutations

Your experience applies equally to all skills.
You have very sharp teeth.
Your uncanny sense of smell can sniff out nearby items.
[You are dopey. (Int -2)]
[Your magical capacity is very low. (-20% MP)]
[You sometimes yell uncontrollably at your foes.]
[You do not regenerate when monsters are visible.]
[Potions are poor at restoring your health.]
[Your spells are a little easier to cast, but a little less powerful.]


Message History

You block the sphinx's attack. The sphinx hits you.
You block the sphinx's attack. You block the vault sentinel's attack.
You block the stone giant's attack.
The ironbrand convoker points at the vault sentinel and mumbles some strange words.
The vault sentinel seems to grow stronger.
The ironheart preserver misses you.
You hit the stone giant simulacrum.
The stone giant simulacrum is moderately damaged.
A yaktaur comes into view.
The sphinx closely misses you. You block the sphinx's attack. x2
The stone giant closely misses you.
The vault sentinel gestures at you while chanting.
You barely resist. The stone giant simulacrum hits you!!!
* * * LOW HITPOINT WARNING * * *
The stone giant simulacrum freezes you!!
* * * LOW HITPOINT WARNING * * *
The ironbrand convoker gestures at the ironheart preserver while chanting.
The ironheart preserver seems to grow stronger.
The ironheart preserver hits you with a great mace!!
You die...

####+## ∆
##.....##
##...C(..##
##...pZC...###
#....p@H..p.'.
##.....p...###
##...p...##
##.(...##
###c### .c.
c.. ##.


You could see 2 ironheart preservers, a fire giant, a sphinx, a stone giant, a
vault warden, a vault sentinel, an ironbrand convoker, 3 yaktaurs and a stone
giant simulacrum.

Vanquished Creatures
  Nikola (Spider:1)
  Rupert (Lair:5)
  Roxanne (Spider:1)
  5 ghost moths
  5 emperor scorpions
  Aizul (Spider:2)
  A vault warden (Vaults:1)
  A reaper (Abyss:2)
  An ironheart preserver (Vaults:1)
  An entropy weaver (Spider:1)
  A dire elephant (Lair:6)
  2 spark wasps (Spider:4)
  Snorg (D:11)
  4 fire dragons
  6 yaktaur captains
  Erolcha (D:13)
  A vault guard (Vaults:1)
  2 ice dragons (D:15)
  8 hydras
  A rakshasa (Vaults:2)
  5 centaur warriors
  A death knight (D:14)
  3 catoblepae
  3 ogre magi (Vaults:1)
  A deep troll shaman (Lair:6)
  13 two-headed ogres
  8 death scarabs (Spider:4)
  A tengu warrior (D:13)
  6 death yaks (Lair:6)
  Urug (Lair:3)
  2 starcursed masses (Abyss:2)
  A hell knight (Abyss:2)
  9 skeletal warriors
  3 wretched stars (Abyss:2)
  A glowing orange brain (Abyss:2)
  8 wizards
  6 ironbrand convokers
  A necromancer (Vaults:1)
  2 spectral wolf spiders (Spider:4)
  3 deep elf archers
  18 wolf spiders
  4 orc knights
  4 wolf spider zombies (Spider:4)
  23 ugly things
  A mana viper (shapeshifter) (Vaults:1)
  5 deep elf magi
  An orb spider (shapeshifter) (Vaults:1)
  An orc sorcerer (Vaults:1)
  15 orb spiders
  3 cyclopes
  3 moths of wrath
  11 elephants
  6 vault sentinels
  A black mamba (Lair:4)
  Maurice (D:8)
  2 torpor snails
  A smoke demon (Abyss:2)
  4 centaur skeletons
  8 spiny frogs
  A gargoyle (D:11)
  2 freezing wraiths
  6 spectral redbacks (Spider:4)
  6 komodo dragons
  13 demonic crawlers
  A yaktaur (shapeshifter) (D:13)
  2 redback zombies (Spider:4)
  3 rime drakes
  9 yaktaurs
  2 ice devils (Lair:5)
  A queen bee (Lair:3)
  5 trolls
  5 polar bears
  6 hornets
  31 jumping spiders
  A spectral jumping spider (Spider:4)
  A troll (shapeshifter) (Vaults:1)
  A raiju (Abyss:2)
  A spectral tarantella (Spider:4)
  2 bog bodies (Lair:4)
  A hornet (shapeshifter) (Vaults:2)
  2 dream sheep (D:10)
  17 slime creatures
  2 jumping spider zombies (Spider:4)
  14 hippogriffs
  52 redbacks
  A shadow (D:13)
  3 tarantella zombies (Spider:4)
  An ettin skeleton (Abyss:2)
  2 spriggans (Lair:3)
  A ynoxinul (Abyss:2)
  19 tarantellas
  3 wyverns
  4 wraiths
  2 vampires
  A yak (shapeshifter) (Vaults:1)
  Grum (Lair:1)
  A basilisk (Lair:5)
  39 yaks
  A hungry ghost (D:12)
  3 small abominations
  3 steam dragons
  4 acid dragons
  2 soldier ants
  A warg (Vaults:2)
  16 water moccasins
  2 swamp worms (Lair:4)
  A spectral hornet (Spider:4)
  9 orc warriors
  7 porcupines
  4 eyes of draining
  5 ice beasts
  2 hornet zombies (Spider:4)
  4 black bears
  5 boggarts (Vaults:1)
  A phantom (D:9)
  9 centaurs
  15 wolves
  18 ogres
  14 crocodiles
  6 big kobolds
  A wyvern zombie (D:11)
  14 bullfrogs
  A glowing shapeshifter simulacrum (Vaults:1)
  A water moccasin zombie (D:9)
  2 scorpions
  27 wights
  27 killer bees
  3 howler monkeys
  7 electric eels
  4 centaur zombies
  2 bullfrog zombies
  12 crimson imps
  2 jellies
  3 quasits
  11 hounds
  19 orc priests
  An iron imp (Abyss:2)
  16 orc wizards
  2 bullfrog skeletons
  Jessica (D:3)
  4 iguanas
  Terence (D:3)
  5 hell rats (Lair:5)
  7 worker ants
  A statue (D:8)
  A killer bee zombie (D:9)
  2 hound skeletons (D:9)
  A worker ant zombie (D:7)
  8 gnolls
  17 adders
  5 river rats
  3 shadow imps
  A white imp (Abyss:2)
  2 ufetubi (Abyss:2)
  2 oozes
  An adder zombie (D:5)
  6 adder skeletons
  6 worms
  A worm (shapeshifter) (Abyss:2)
  A dart slug (D:2)
  3 leopard geckos
  92 orcs
  4 ball pythons
  6 giant cockroaches
  8 goblins
  5 hobgoblins
  12 jackals
  33 kobolds
  7 quokkas
  11 bats
  6 frilled lizards
  A jackal skeleton (D:7)
  A leopard gecko skeleton (D:4)
  A quokka skeleton (D:6)
  25 rats
1078 creatures vanquished.

Vanquished Creatures (collateral kills)
  A wolf spider (Spider:1)
1 creature vanquished.

Vanquished Creatures (others)
  Nessos (D:15)
  A redback (Spider:1)
  3 centaurs
  An orc wizard (D:12)
  2 jackals (D:3)
  7 fungi
  14 plants
  7 toadstools (D:1)
36 creatures vanquished.

Grand Total: 1115 creatures vanquished

Notes
Turn   | Place    | Note
-------+----------+-------------------------------------------
     0 | D:1      | Htamos the Gnoll Fighter began the quest for the Orb.
     0 | D:1      | Reached XP level 1. HP: 23/23 MP: 1/1
    99 | D:1      | Reached XP level 2. HP: 27/29 MP: 2/2
   234 | D:1      | Found a glowing golden altar of the Shining One.
   577 | D:1      | Reached XP level 3. HP: 34/35 MP: 3/3
  1255 | D:2      | Found a transporter.
  1255 | D:2      | Found a transporter.
  1257 | D:2      | Noticed a bullfrog
  1259 | D:2      | Found a sparkling altar of Nemelex Xobeh.
  1289 | D:2      | Reached skill level 1 in Invocations
  1292 | D:2      | Reached skill level 1 in Short Blades
  1292 | D:2      | Reached skill level 1 in Axes
  1292 | D:2      | Reached skill level 1 in Maces & Flails
  1292 | D:2      | Reached skill level 1 in Polearms
  1292 | D:2      | Reached skill level 1 in Staves
  1292 | D:2      | Reached skill level 1 in Slings
  1292 | D:2      | Reached skill level 1 in Bows
  1292 | D:2      | Reached skill level 1 in Crossbows
  1292 | D:2      | Reached skill level 1 in Throwing
  1292 | D:2      | Reached skill level 1 in Dodging
  1292 | D:2      | Reached skill level 1 in Stealth
  1292 | D:2      | Reached skill level 1 in Unarmed Combat
  1292 | D:2      | Reached skill level 1 in Spellcasting
  1292 | D:2      | Reached skill level 1 in Evocations
  1292 | D:2      | Reached XP level 4. HP: 30/41 MP: 5/5
  1642 | D:2      | Reached skill level 1 in Conjurations
  1642 | D:2      | Reached skill level 1 in Hexes
  1642 | D:2      | Reached skill level 1 in Charms
  1642 | D:2      | Reached skill level 1 in Summonings
  1642 | D:2      | Reached skill level 1 in Necromancy
  1642 | D:2      | Reached skill level 1 in Translocations
  1642 | D:2      | Reached skill level 1 in Transmutations
  1642 | D:2      | Reached skill level 1 in Fire Magic
  1642 | D:2      | Reached skill level 1 in Ice Magic
  1642 | D:2      | Reached skill level 1 in Air Magic
  1642 | D:2      | Reached skill level 1 in Earth Magic
  1642 | D:2      | Reached skill level 1 in Poison Magic
  1888 | D:2      | Reached XP level 5. HP: 47/47 MP: 6/6
  1915 | D:2      | Found an ornate altar of the Wu Jian Council.
  2496 | D:3      | Noticed Terence
  2500 | D:3      | Noticed Jessica
  2515 | D:3      | Killed Terence
  2515 | D:3      | Reached XP level 6. HP: 51/53 MP: 8/8
  2523 | D:3      | Killed Jessica
  2671 | D:3      | Reached skill level 5 in Long Blades
  2756 | D:3      | Found a white marble altar of Elyvilon.
  2860 | D:3      | Found a snail-covered altar of Cheibriados.
  3363 | D:3      | Found a bloodstained altar of Trog.
  3405 | D:3      | Became a worshipper of Cheibriados the Contemplative
  3493 | D:4      | Found a deep blue altar of Sif Muna.
  3545 | D:4      | Found a shadowy altar of Dithmenos.
  3599 | D:4      | Reached XP level 7. HP: 59/59 MP: 10/10
  3937 | D:4      | Reached * piety under Cheibriados
  4519 | D:5      | Entered Level 5 of the Dungeon
  4568 | D:5      | Found a glowing drain.
  4575 | Sewer    | Entered a sewer
  4746 | Sewer    | Reached ** piety under Cheibriados
  4833 | Sewer    | Reached *** piety under Cheibriados
  4953 | Sewer    | Reached XP level 8. HP: 67/67 MP: 12/12
  5392 | D:5      | Found a staircase to the Ecumenical Temple.
  5423 | D:5      | Reached **** piety under Cheibriados
  5615 | D:5      | Found a stormy altar of Qazlal.
  5877 | D:6      | Reached ***** piety under Cheibriados
  6055 | D:6      | Reached XP level 9. HP: 65/72 MP: 14/14
  6085 | D:6      | Found a glowing silver altar of Zin.
  6085 | D:6      | Found a shimmering altar of Xom.
  6085 | D:6      | Noticed an angel
  7006 | D:7      | Reached skill level 5 in Invocations
  7186 | D:7      | Reached XP level 10. HP: 80/80 MP: 17/17
  7668 | D:7      | Reached ****** piety under Cheibriados
  7763 | D:8      | Noticed Maurice
  7781 | D:8      | Killed Maurice
  7781 | D:8      | Reached skill level 5 in Short Blades
  7781 | D:8      | Reached skill level 5 in Axes
  7781 | D:8      | Reached skill level 5 in Maces & Flails
  7781 | D:8      | Reached skill level 5 in Polearms
  7781 | D:8      | Reached skill level 5 in Staves
  7781 | D:8      | Reached skill level 5 in Slings
  7781 | D:8      | Reached skill level 5 in Bows
  7781 | D:8      | Reached skill level 5 in Crossbows
  7781 | D:8      | Reached skill level 5 in Throwing
  7781 | D:8      | Reached skill level 5 in Dodging
  7781 | D:8      | Reached skill level 5 in Stealth
  7781 | D:8      | Reached skill level 5 in Unarmed Combat
  7781 | D:8      | Reached skill level 5 in Spellcasting
  7781 | D:8      | Reached skill level 5 in Evocations
  8134 | D:8      | Found a radiant altar of Vehumet.
  8195 | D:8      | Found a sacrificial altar of Ru.
  8640 | D:9      | Found an opulent altar of Gozag.
  9055 | D:9      | Found a white marble altar of Elyvilon.
  9196 | D:9      | Reached XP level 11. HP: 87/87 MP: 19/19
  9233 | D:10     | Entered Level 10 of the Dungeon
 10162 | D:10     | Found a sparkling altar of Nemelex Xobeh.
 10165 | D:10     | Got a crude scale mail
 10166 | D:10     | Identified the +2 scale mail of Leaves {rC+ SInv} (You found it on level 10 of the Dungeon)
 10317 | D:10     | Found a staircase to the Lair.
 10517 | D:10     | Paralysed by a hornet for 2 turns
 10716 | D:10     | Reached skill level 5 in Conjurations
 10716 | D:10     | Reached skill level 5 in Hexes
 10716 | D:10     | Reached skill level 5 in Charms
 10716 | D:10     | Reached skill level 5 in Summonings
 10716 | D:10     | Reached skill level 5 in Necromancy
 10716 | D:10     | Reached skill level 5 in Translocations
 10716 | D:10     | Reached skill level 5 in Transmutations
 10716 | D:10     | Reached skill level 5 in Fire Magic
 10716 | D:10     | Reached skill level 5 in Ice Magic
 10716 | D:10     | Reached skill level 5 in Air Magic
 10716 | D:10     | Reached skill level 5 in Earth Magic
 10716 | D:10     | Reached skill level 5 in Poison Magic
 10814 | D:10     | Noticed a three-headed hydra
 10822 | D:10     | Killed a one-headed hydra
 10831 | D:10     | Got a pitted halberd
 10833 | D:10     | Identified the +8 halberd of Due Proportion {venom, *Rage Fragile +Inv rElec Stlth+} (You found it on level 10 of the Dungeon)
 11376 | D:11     | Found a flickering gateway to a bazaar.
 11386 | Bazaar   | Entered a bazaar
 11386 | Bazaar   | Found Qateg's Gadget Emporium.
 11386 | Bazaar   | Found Hinoleant's Distillery.
 11393 | Bazaar   | Found Eddamoq's General Store.
 11415 | Bazaar   | Found Uzyu's Antique Armour Shop.
 11424 | Bazaar   | Bought a polished ring mail for 261 gold pieces
 11438 | Bazaar   | Identified the +1 ring mail "Goirus" {*Drain Int+3 Dex+7 Stlth+} (You bought it in a shop in a bazaar)
 11443 | Bazaar   | Bought a runed buckler for 217 gold pieces
 11461 | Bazaar   | Found Reyt's Magic Scroll Emporium.
 11469 | Bazaar   | Bought a scroll of summoning for 104 gold pieces
 11593 | D:11     | Learned a level 1 spell: Magic Dart
 12020 | D:11     | Noticed Snorg
 12039 | D:11     | Killed Snorg
 12156 | D:11     | Found an iron altar of Okawaru.
 12177 | D:11     | Noticed a wizard
 12187 | D:11     | Killed a wizard
 12348 | D:11     | Noticed a wizard
 12352 | D:11     | Noticed a wizard
 12357 | D:11     | Killed a wizard
 12365 | D:11     | Killed a wizard
 12365 | D:11     | Reached XP level 12. HP: 75/96 MP: 22/22
 12430 | D:11     | Found the +3 warlock's mirror {reflect}
 12780 | Lair:1   | Entered Level 1 of the Lair of Beasts
 13043 | Lair:1   | Noticed Grum
 13054 | Lair:1   | Killed Grum
 13496 | Lair:1   | Learned a level 2 spell: Poisonous Vapours
 15534 | Lair:3   | Found a hole to the Spider Nest.
 15564 | Lair:3   | Reached skill level 10 in Fighting
 15564 | Lair:3   | Reached skill level 10 in Armour
 15564 | Lair:3   | Reached skill level 10 in Shields
 15908 | Lair:3   | Reached XP level 13. HP: 50/103 MP: 24/24
 16012 | Lair:3   | Noticed Urug
 16019 | Lair:3   | Killed Urug
 17300 | Lair:4   | Found a staircase to the Swamp.
 17725 | Lair:5   | Noticed Rupert
 18004 | Lair:5   | Killed Rupert
 18223 | Lair:5   | Found a staircase to the Slime Pits.
 18866 | Lair:5   | Found a viscous altar of Jiyva.
 18907 | Lair:6   | Entered Level 6 of the Lair of Beasts
 19313 | Lair:6   | Found a runed gate.
 19315 | Lair:6   | Found a runed gate.
 19315 | Lair:6   | Found a runed gate.
 19317 | Lair:6   | Noticed Htamos's ghost (journeyman DEWz)
 19367 | Lair:6   | Reached XP level 14. HP: 91/111 MP: 26/26
 19835 | Lair:6   | Reached skill level 10 in Long Blades
 20254 | Lair:6   | Noticed a dire elephant
 20274 | Lair:6   | Killed a dire elephant
 20625 | Lair:5   | Learned a level 4 spell: Olgreb's Toxic Radiance
 20749 | Spider:1 | Entered Level 1 of the Spider Nest
 20846 | Spider:1 | Reached skill level 10 in Invocations
 21073 | Spider:1 | Noticed Roxanne
 21483 | Spider:1 | Noticed an entropy weaver
 21501 | Spider:1 | Killed an entropy weaver
 22015 | Spider:1 | Noticed Nikola
 22044 | Spider:1 | Killed Nikola
 22274 | Spider:1 | You fall through a shaft!
 22765 | Spider:1 | Killed Roxanne
 22765 | Spider:1 | Reached XP level 15. HP: 119/119 MP: 25/28
 22770 | Spider:1 | Identified Roxanne's Almanac of Changing (You took it off Roxanne on level 1 of the Spider Nest)
 23531 | Spider:2 | Noticed Aizul
 23558 | Spider:2 | Killed Aizul
 23922 | Spider:2 | Noticed a ghost moth
 23926 | Spider:2 | Killed a ghost moth
 24348 | Spider:3 | Noticed a ghost moth
 24349 | Spider:3 | Noticed an emperor scorpion
 24362 | Spider:2 | Killed a ghost moth
 24775 | Spider:3 | Killed an emperor scorpion
 25247 | Spider:3 | Reached skill level 10 in Short Blades
 25247 | Spider:3 | Reached skill level 10 in Axes
 25247 | Spider:3 | Reached skill level 10 in Maces & Flails
 25247 | Spider:3 | Reached skill level 10 in Polearms
 25247 | Spider:3 | Reached skill level 10 in Staves
 25247 | Spider:3 | Reached skill level 10 in Slings
 25247 | Spider:3 | Reached skill level 10 in Bows
 25247 | Spider:3 | Reached skill level 10 in Crossbows
 25247 | Spider:3 | Reached skill level 10 in Throwing
 25247 | Spider:3 | Reached skill level 10 in Dodging
 25247 | Spider:3 | Reached skill level 10 in Stealth
 25247 | Spider:3 | Reached skill level 10 in Unarmed Combat
 25247 | Spider:3 | Reached skill level 10 in Spellcasting
 25247 | Spider:3 | Reached skill level 10 in Evocations
 25575 | Spider:3 | Noticed a ghost moth
 25594 | Spider:3 | Killed a ghost moth
 26531 | Spider:4 | Entered Level 4 of the Spider Nest
 27179 | Spider:4 | Reached XP level 16. HP: 118/127 MP: 15/30
 27455 | Spider:4 | Paralysed by a hornet for 1 turns
 27701 | Spider:4 | Learned a level 4 spell: Iskenderun's Mystic Blast
 29041 | Spider:4 | Got a gossamer rune of Zot
 29521 | Lair:3   | Identified a scroll of acquirement
 29522 | Lair:3   | Got a clouded copper ring
 29523 | Lair:3   | Identified the ring of Giokela {rElec rF- rC+ MR+ Str+3} (You acquired it on level 3 of the Lair of Beasts)
 29967 | D:12     | Found a corrupted altar of Lugonu.
 30234 | D:12     | Found a staircase to the Orcish Mines.
 30710 | D:13     | Noticed Erolcha
 30724 | D:13     | Killed Erolcha
 31071 | D:13     | Reached XP level 17. HP: 135/135 MP: 32/32
 31272 | D:14     | You fall through a shaft!
 31272 | D:15     | Entered Level 15 of the Dungeon
 31396 | D:15     | Noticed Nessos
 31405 | D:15     | Killed Nessos
 32296 | D:15     | Found a staircase to the Depths.
 32467 | D:15     | Got a pair of crude boots
 32501 | D:15     | Identified the cursed +0 pair of boots of Ojowi {+Inv rF- Dex+3} (You found it on level 15 of the Dungeon)
 33326 | D:14     | Found a gate to the Vaults.
 33565 | Vaults:1 | Entered Level 1 of the Vaults
 34215 | Vaults:1 | Reached skill level 10 in Conjurations
 34215 | Vaults:1 | Reached skill level 10 in Hexes
 34215 | Vaults:1 | Reached skill level 10 in Charms
 34215 | Vaults:1 | Reached skill level 10 in Summonings
 34215 | Vaults:1 | Reached skill level 10 in Necromancy
 34215 | Vaults:1 | Reached skill level 10 in Translocations
 34215 | Vaults:1 | Reached skill level 10 in Transmutations
 34215 | Vaults:1 | Reached skill level 10 in Fire Magic
 34215 | Vaults:1 | Reached skill level 10 in Ice Magic
 34215 | Vaults:1 | Reached skill level 10 in Air Magic
 34215 | Vaults:1 | Reached skill level 10 in Earth Magic
 34215 | Vaults:1 | Reached skill level 10 in Poison Magic
 34263 | Vaults:1 | Reached XP level 18. HP: 143/143 MP: 15/33
 35165 | Vaults:2 | Found Tejachix's Jewellery Shoppe.
 35211 | Vaults:2 | Found a flickering gateway to a bazaar.
 35220 | Bazaar   | Entered a bazaar
 35246 | Bazaar   | Found Ichops's Jewellery Boutique.
 35279 | Bazaar   | Found Haruo's Book Emporium.
 35342 | Bazaar   | Found Keari's Jewellery Emporium.
 35373 | Bazaar   | Found Rycasos's Gadget Emporium.
 35431 | Bazaar   | Bought a +5 ring of protection for 880 gold pieces
 35482 | Bazaar   | Bought the ring of Xuppiud {rF+ rC+ MR+} for 312 gold pieces
 35702 | Vaults:2 | Bought an uncursed ring of poison resistance for 320 gold pieces
 35920 | Vaults:2 | Found Ytuil's Food Shoppe.
 36694 | Vaults:3 | Cast into level 2 of the Abyss (a wizard)
 37346 | Vaults:3 | Escaped the Abyss
 37346 | Vaults:3 | Paralysed by a sphinx for 2 turns
 37358 | Vaults:3 | Slain by an ironheart preserver

Vault maps used:
D:1:      nagdon_arrival_zigzag_paths, tso_altar
D:2:      gammafunk_temple_overflow_arena, lemuel_coloured_pillars_altar,
          serial_glass, glass_columns_c, glass_columns_a
D:3:      lightli_temple_of_fire, nicolae_overflow_crystal_walls,
          elyvilon_altar_4, first_ration, uniq_terence, uniq_jessica
D:4:      lemuel_doored_altar, nicolae_dithmenos_the_darkroom
D:5:      kennysheep_mini, temple_pool_b, lightli_sewer_entry_pipes
D:6:      grunt_temple_overflow_order_and_chaos_1
D:7:      kennysheep_generic_room_13
D:8:      vehumet_statue, kennysheep_mini_moat, uniq_maurice
D:9:      marbit_many_paths, basic_altar
D:10:     lair_entry_dummy, basic_altar, hangedman_ranch,
          corexii_leaking_fountain
D:11:     minmay_smoke_and_mirrors, serial_shops, bzr_entry_customers,
          okawaru_ov_weapons_minmay, uniq_snorg
D:12:     hiddenorc2_lemuel, tgw_lugonu_bribe
D:13:     minivault_20, lightli_wizard_tower, uniq_erolcha
D:14:     david_vaults_1, hangedman_abyss_or_decor_stagger
D:15:     grunt_enter_depths_hoard, nrook_uturn, uniq_nessos
Lair:1:   serial_bayou_shore_b, grunt_megastairs_5, uniq_grum
Lair:2:   columned_hall_lemuel, serial_bayou_pond_c
Lair:3:   spider_nest_entry_funnel_web, forest_entry_grove, uniq_urug
Lair:4:   nicolae_swamp_entry_splash_gauntlet, uniq_rupert
Lair:5:   slime_altar_1, portal_ice_cave_demonic_guard,
          nicolae_quartered_pool_little, serial_bayou_pond_c,
          serial_bayou_shore_a
Lair:6:   grunt_lair_end_beastmaster, ebering_ghost_rock_garden
Spider:1: uniq_nikola, uniq_roxanne
Spider:2: uniq_aizul
Spider:4: floodkiller_spider_rune_tomb, spider_trap
Vaults:1: nicolae_vaults_bisected_slash, vaults_room_grid,
          nicolae_vaults_specimen_jars, st_cells, v_misc_18, grunt_vaults_twisty
Vaults:2: hangedman_vaults_corner_blocks, ontoclasm_vaults_twist, v_misc_11,
          grunt_vaults_diagonal, nicolae_vaults_shelves_hall,
          nicolae_vaults_sealed_display, vaults_mumra_chevron_long,
          nicolae_vaults_shelves_hall, vaults_standard_mumra_lines,
          nicolae_vaults_big_ls, serial_shops, bzr_firewalk, shop, shop
Vaults:3: hangedman_vaults_river_flow, hangedman_vaults_nails,
          minmay_crypt_entry_simple_corners, st_cross,
          nicolae_vaults_circle_grid_b, v_alt_pattern_2,
          nicolae_vaults_mini_display_case, vaults_room_hallway,
          vaults_mumra_hex, hangedman_vaults_cutoff
Abyss:2:  guppyfry_abyss_exit_spiral_guarded
Abyss:3:  hangedman_abyss_rune_macabre_mess
Bazaar:   bazaar_kb_twisted_cavern, bazaar_minmay_generic_d
Sewer:    sewer_minmay_treatment

Skill      XL: |  1  2  3  4  5  6  7  8  9 10 11 12 13 14 15 16 17 18 |
---------------+-------------------------------------------------------+-----
Invocations    | 1 2 3 4 5 6 7 8 9 10 11 12 13 | 13.0
Short Blades   | 1 2 3 4 5 6 7 8 9 10 11 12 | 12.0
Axes           | 1 2 3 4 5 6 7 8 9 10 11 12 | 12.0
Maces & Flails | 1 2 3 4 5 6 7 8 9 10 11 12 | 12.0
Polearms       | 1 2 3 4 5 6 7 8 9 10 11 12 | 12.0
Staves         | 1 2 3 4 5 6 7 8 9 10 11 12 | 12.0
Slings         | 1 2 3 4 5 6 7 8 9 10 11 12 | 12.0
Bows           | 1 2 3 4 5 6 7 8 9 10 11 12 | 12.0
Crossbows      | 1 2 3 4 5 6 7 8 9 10 11 12 | 12.0
Throwing       | 1 2 3 4 5 6 7 8 9 10 11 12 | 12.0
Dodging        | 1 2 3 4 5 6 7 8 9 10 11 12 | 12.0
Stealth        | 1 2 3 4 5 6 7 8 9 10 11 12 | 12.0
Unarmed Combat | 1 2 3 4 5 6 7 8 9 10 11 12 | 12.0
Spellcasting   | 1 2 3 4 5 6 7 8 9 10 11 12 | 12.0
Evocations     | 1 2 3 4 5 6 7 8 9 10 11 12 | 12.0
Conjurations   | 1 2 3 4 5 6 7 8 9 10 | 10.3
Hexes          | 1 2 3 4 5 6 7 8 9 10 | 10.3
Charms         | 1 2 3 4 5 6 7 8 9 10 | 10.3
Summonings     | 1 2 3 4 5 6 7 8 9 10 | 10.3
Necromancy     | 1 2 3 4 5 6 7 8 9 10 | 10.3
Translocations | 1 2 3 4 5 6 7 8 9 10 | 10.3
Transmutations | 1 2 3 4 5 6 7 8 9 10 | 10.3
Fire Magic     | 1 2 3 4 5 6 7 8 9 10 | 10.3
Ice Magic      | 1 2 3 4 5 6 7 8 9 10 | 10.3
Air Magic      | 1 2 3 4 5 6 7 8 9 10 | 10.3
Earth Magic    | 1 2 3 4 5 6 7 8 9 10 | 10.3
Poison Magic   | 1 2 3 4 5 6 7 8 9 10 | 10.3
Long Blades    | 5 6 7 8 9 10 11 12 | 12.7
Fighting       | 7 8 9 10 11 12 13 | 13.4
Armour         | 7 8 9 10 11 12 13 | 13.4
Shields        | 7 8 9 10 11 12 13 | 13.4

Action                   |  1- 3 |  4- 6 |  7- 9 | 10-12 | 13-15 | 16-18 || total
-------------------------+-------+-------+-------+-------+-------+-------++-------
Melee: Long sword        |   105 |    43 |       |       |   216 |       ||   364
       Bite              |    12 |    29 |    85 |   196 |   216 |   332 ||   870
       Short sword       |       |   138 |   267 |   160 |     6 |       ||   571
       Trident           |       |       |    77 |   392 |   433 |  1538 ||  2440
       Scimitar          |       |       |   108 |    38 |       |       ||   146
       War axe           |       |       |       |     7 |       |       ||     7
       Falchion          |       |       |       |   231 |   167 |       ||   398
Throw: Stone             |     4 |     2 |     5 |       |       |       ||    11
       Javelin           |       |       |       |       |       |     6 ||     6
 Cast: Magic Dart        |       |       |       |    19 |    32 |     2 ||    53
       Poisonous Vapours |       |       |       |     3 |   120 |    27 ||   150
       Olgreb's Toxic Ra |       |       |       |       |    81 |     9 ||    90
       Iskenderun's Myst |       |       |       |       |       |     7 ||     7
Invok: Bend Time         |       |       |     1 |       |     2 |     1 ||     4
       Slouch            |       |       |       |     7 |    13 |    19 ||    39
       Step From Time    |       |       |       |       |     2 |       ||     2
Evoke: Wand              |       |     1 |    12 |     2 |    44 |     7 ||    66
       Lamp of fire      |       |       |       |       |       |     2 ||     2
  Use: Scroll            |     4 |     2 |     1 |    24 |    17 |    12 ||    60
       Potion            |       |       |     1 |     4 |     7 |     6 ||    18
 Stab: Paralysed         |       |     2 |     8 |       |     5 |       ||    15
       Sleeping          |       |       |     2 |    12 |     8 |    20 ||    42
       Distracted        |       |       |     1 |     3 |     4 |     1 ||     9
       Petrified         |       |       |       |       |     2 |       ||     2
       Petrifying        |       |       |       |       |     1 |       ||     1
  Eat: Chunk             |     1 |     8 |     7 |    17 |    17 |    16 ||    66
       Ration            |       |       |       |       |     3 |     3 ||     6
Armor: Scale mail        |    36 |    67 |   103 |    32 |   101 |   162 ||   501
       Plate armour      |       |       |    40 |   117 |     7 |   170 ||   334
       Ring mail         |       |       |       |    19 |       |       ||    19
       Troll leather arm |       |       |       |    30 |   111 |       ||   141
       Skin              |       |       |       |     1 |       |       ||     1
       Chain mail        |       |       |       |    57 |       |       ||    57
Dodge: Dodged            |    25 |    50 |   131 |   416 |   776 |   827 ||  2225
       Deflected         |       |       |       |       |       |    42 ||    42
Block: Shield            |    67 |   102 |   336 |   376 |       |   212 ||  1093
       Buckler           |       |       |       |   277 |   590 |   593 ||  1460
       Reflection        |       |       |       |     4 |    11 |    41 ||    56
       Rpst.: Long sword |    11 |     3 |       |       |    51 |       ||    65
       Scimitar          |       |       |     8 |     7 |       |       ||    15
       Falchion          |       |       |       |    33 |    32 |       ||    65

Table legend:
 A = Spawn XP
 B = Non-spawn XP
 C = Spawn XP percentage of total XP
 D = Spawn monster count
 E = Non-spawn monster count
 F = Spawn count percentage of total count
 G = Total turns spent on level
                    A         B        C        D         E        F      G
               +---------+---------+-------+---------+---------+-------+---------
         Total |    3465 |  276309 |   1.2 |      12 |    1071 |   1.1 | 37358
               +---------+---------+-------+---------+---------+-------+---------
           D:1 |       0 |      41 |   0.0 |       0 |      25 |   0.0 |  1000
           D:2 |       0 |     261 |   0.0 |       0 |      27 |   0.0 |  1426
           D:3 |       0 |     203 |   0.0 |       0 |      33 |   0.0 |   997
           D:4 |       0 |     453 |   0.0 |       0 |      20 |   0.0 |  1096
           D:5 |       0 |     598 |   0.0 |       0 |      31 |   0.0 |   708
           D:6 |       0 |    1034 |   0.0 |       0 |      28 |   0.0 |   837
           D:7 |       0 |    2488 |   0.0 |       0 |      42 |   0.0 |  1195
           D:8 |       0 |    1841 |   0.0 |       0 |      18 |   0.0 |   704
           D:9 |       0 |    3016 |   0.0 |       0 |      45 |   0.0 |  1475
          D:10 |       0 |    3336 |   0.0 |       0 |      22 |   0.0 |  1258
          D:11 |       0 |    9227 |   0.0 |       0 |      50 |   0.0 |  1770
          D:12 |       0 |    5407 |   0.0 |       0 |      57 |   0.0 |   579
          D:13 |       0 |   11579 |   0.0 |       0 |      52 |   0.0 |   763
          D:14 |       0 |   14664 |   0.0 |       0 |      37 |   0.0 |   982
          D:15 |       0 |   11515 |   0.0 |       0 |      20 |   0.0 |  1313
        Lair:1 |       0 |    5159 |   0.0 |       0 |      27 |   0.0 |  1722
        Lair:2 |       0 |    1587 |   0.0 |       0 |       7 |   0.0 |  1051
        Lair:3 |       0 |    8792 |   0.0 |       0 |      54 |   0.0 |  1668
        Lair:4 |       0 |    2372 |   0.0 |       0 |      13 |   0.0 |   877
        Lair:5 |       0 |   12117 |   0.0 |       0 |      36 |   0.0 |  1345
        Lair:6 |       0 |   19483 |   0.0 |       0 |      48 |   0.0 |  1493
      Spider:1 |       0 |   14670 |   0.0 |       0 |      29 |   0.0 |  1866
      Spider:2 |       0 |   14456 |   0.0 |       0 |      36 |   0.0 |  1933
      Spider:3 |       0 |   19575 |   0.0 |       0 |      49 |   0.0 |  1989
      Spider:4 |       0 |   44318 |   0.0 |       0 |      91 |   0.0 |  2916
      Vaults:1 |       0 |   49233 |   0.0 |       0 |      90 |   0.0 |  1572
      Vaults:2 |       0 |   12525 |   0.0 |       0 |      25 |   0.0 |  1235
      Vaults:3 |       0 |    1104 |   0.0 |       0 |       2 |   0.0 |    20
       Abyss:2 |    3336 |    5013 |  40.0 |      11 |       9 |  55.0 |   537
       Abyss:3 |     129 |       0 | 100.0 |       1 |       0 | 100.0 |   115
         Sewer |       0 |     242 |   0.0 |       0 |      48 |   0.0 |   504
               +---------+---------+-------+---------+---------+-------+---------
